 Dungeon Crawl Stone Soup version 0.27-a0-668-gb5737ff2c0 (webtiles) character file.

Game seed: 16941143922283573353

1103 Alarak the Thaumaturge (level 8, -2/41 HPs)
             Began as a Deep Elf Conjurer on Mar 18, 2021.
             Was an Initiate of Vehumet.
             Shot with an arrow by a centaur (13 damage)
             ... on level 5 of the Dungeon.
             The game lasted 00:23:45 (7789 turns).

Alarak the Thaumaturge (Deep Elf Conjurer)          Turns: 7789, Time: 00:23:45

Health: -2/41      AC:  4    Str:  4    XL:     8   Next: 11%
Magic:  11/22      EV: 13    Int: 26    God:    Vehumet [......]
Gold:   294        SH:  0    Dex: 13    Spells: 3/24 levels left

rFire    . . .     SeeInvis .   d - +0 dagger
rCold    . . .     Faith    .   (no shield)
rNeg     . . .     Spirit   .   a - +0 robe
rPois    .         Reflect  .   (no helmet)
rElec    .         Harm     .   (no cloak)
rCorr    .         Rampage  .   (no gloves)
Will     +....                  k - +1 pair of boots
Stlth    ++........             (no amulet)
HPRegen  0.13/turn              g - ring of willpower
MPRegen  0.18/turn              p - ring of wizardry

@: no status effects
A: no striking features
a: Renounce Religion


You were on level 5 of the Dungeon.
You worshipped Vehumet.
Vehumet was noncommittal.
You visited 2 branches of the dungeon, and saw 6 of its levels.

You collected 294 gold pieces.

Inventory:

Hand Weapons
 d - a +0 dagger (weapon)
Armour
 a - a +0 robe (worn)
 k - a +1 pair of boots (worn)
Jewellery
 g - a ring of willpower (right hand)
 p - a ring of wizardry (left hand)
Wands
 t - a wand of acid (6)
Scrolls
 b - a scroll of amnesia
 e - a scroll of teleportation {unknown}
 i - a scroll of enchant weapon
 j - a scroll of identify
 n - a scroll of fear {unknown}
 q - a scroll of random uselessness {unknown}
 s - a scroll of immolation {unknown}
Potions
 c - 2 potions of haste
 f - 2 potions of heal wounds
 h - 2 potions of brilliance {unknown}
 l - 2 potions of attraction {unknown}
 m - a potion of curing {unknown}
 o - a potion of berserk rage {unknown}
 r - a potion of cancellation {unknown}


   Skills:
 + Level 3.4 Dodging
 - Level 2.4 Stealth
 + Level 8.6 Spellcasting
 - Level 7.1 Conjurations
 - Level 6.0 Hexes


You had 3 spell levels left.
You knew the following spells:

 Your Spells              Type           Power      Damage    Failure   Level
a - Magic Dart            Conj           100%       1d8       1%          1
b - Searing Ray           Conj           96%        3d7       1%          2
c - Fulminant Prism       Conj/Hex       22%        3d13      1%          4
d - Dazzling Flash        Conj/Hex       90%        N/A       1%          3
e - Blink                 Tloc           N/A        N/A       3%          2
f - Slow                  Hex            42%        N/A       1%          2
g - Conjure Flame         Conj/Fire      29%        6-21      1%          3
h - Iskenderun's Mystic   Conj/Tloc      29%        2d7       4%          4

Your spell library contained the following spells:

 Spells                   Type           Power      Damage    Failure   Level
 Mephitic Cloud           Conj/Pois/Air  23%        N/A       2%          3
 Call Imp                 Summ           11%        N/A       3%          2


Dungeon Overview and Level Annotations

Branches:
Dungeon (5/15)             Temple (1/1) D:4

Altars:
Cheibriados
Fedhas
Gozag
Hepliaklqana
Kikubaaqudgha
Okawaru
Ru
Sif Muna
Trog
Vehumet
Yredelemnul


Message History

Casting: Magic Dart (safe; 1% risk of failure)
Confirm with . or Enter, or press ? or * to list all spells.
Aiming: Slow (safe; 1% risk of failure)
Press: ? - help, Shift-Dir - straight line, f/p - centaur
Aim: a centaur, wielding a +0 shortbow and quivering arrows (moderately wounded, chance to affect: 78%)
The centaur barely resists.
The centaur shoots an arrow.
The arrow hits you.
Casting: Slow (safe; 1% risk of failure)
Confirm with . or Enter, or press ? or * to list all spells.
You can't see any susceptible monsters within range! (Use Z to cast anyway.)
Casting: Slow (safe; 1% risk of failure)
Confirm with . or Enter, or press ? or * to list all spells.
Aiming: Slow (safe; 1% risk of failure)
Press: ? - help, Shift-Dir - straight line, f/p - centaur
Aim: a centaur, wielding a +0 shortbow and quivering arrows (moderately wounded, chance to affect: 78%)
The centaur seems to slow down.
The centaur shoots an arrow.
The arrow hits you!
The centaur shoots an arrow.
The arrow hits you.
Casting: Slow (safe; 1% risk of failure)
Confirm with . or Enter, or press ? or * to list all spells.
Aiming: Searing Ray (safe; 1% risk of failure)
Press: ? - help, Shift-Dir - straight line, f/p - centaur
Aim: a centaur, wielding a +0 shortbow and quivering arrows (moderately wounded, slow, 10% to evade)
The searing ray hits the centaur!
The centaur is almost dead. (Press . to maintain the ray.)
The centaur drinks a potion.
The centaur is healed!
The searing ray hits the centaur.
The centaur is moderately wounded.
The centaur shoots an arrow.
The arrow hits you.
The searing ray misses the centaur.
The centaur shoots an arrow.
The arrow hits you.
The searing ray hits the centaur!
The centaur is severely wounded.
You finish channeling your searing ray.
The centaur shoots an arrow.
The arrow hits you!
* * * LOW HITPOINT WARNING * * *
Casting: Searing Ray (safe; 1% risk of failure)
Confirm with . or Enter, or press ? or * to list all spells.
You blink.
The centaur shoots an arrow.
The arrow hits you!
You die...

######## #.. #######......##
#.. .....>........### ###..
#######.........#########....
###.............[.....#
##.......ยง...[......#
###........############
#####.......c###
#.........@..# ##...........#
######......###
##.......###.. ##............
##.............
#....##......##
##..#####....## ##..## #...c#


You could see a centaur (slow).

Vanquished Creatures
  3 ogres
  2 scorpions
  An orc priest (D:3)
  2 hounds
  A centaur skeleton (D:4)
  2 gnoll shamans (D:3)
  An orc wizard (D:3)
  3 worker ants (D:4)
  3 adders
  30 gnolls (D:3)
  An ooze (D:2)
  An adder skeleton (D:5)
  3 worms
  4 dart slugs
  3 leopard geckos
  13 orcs
  2 ball pythons
  4 giant cockroaches
  17 goblins
  10 hobgoblins
  23 jackals
  6 kobolds
  A quokka (D:4)
  7 bats
  7 frilled lizards
  5 rats
155 creatures vanquished.

Vanquished Creatures (others)
  9 fulminant prisms
  2 plants (D:3)
11 creatures vanquished.

Grand Total: 166 creatures vanquished

Notes
Turn   | Place    | Note
-------+----------+-------------------------------------------
     0 | D:1      | Alarak the Deep Elf Conjurer began the quest for the Orb.
     0 | D:1      | Reached XP level 1. HP: 10/10 MP: 6/6
    83 | D:1      | Reached skill level 4 in Spellcasting
    83 | D:1      | Reached XP level 2. HP: 12/15 MP: 0/9
    86 | D:1      | Learned a level 2 spell: Searing Ray
   660 | D:1      | Reached XP level 3. HP: 19/19 MP: 7/11
   710 | D:1      | Reached skill level 5 in Spellcasting
  1520 | D:2      | Reached skill level 5 in Conjurations
  1570 | D:2      | Found a faded altar of an unknown god.
  1610 | D:2      | Reached XP level 4. HP: 24/24 MP: 11/13
  1771 | D:2      | Found an opulent altar of Gozag.
  2125 | D:2      | You fall into a shaft and drop 1 floor!
  2234 | D:3      | Noticed an ogre
  2247 | D:3      | Reached XP level 5. HP: 21/28 MP: 10/14
  2247 | D:3      | Killed an ogre
  2249 | D:3      | Reached XP level 6. HP: 13/32 MP: 8/15
  2252 | D:3      | Reached skill level 5 in Hexes
  2541 | D:3      | Learned a level 4 spell: Fulminant Prism
  2545 | D:3      | Learned a level 3 spell: Dazzling Flash
  3309 | D:3      | Reached skill level 6 in Spellcasting
  3432 | D:3      | Reached XP level 7. HP: 6/36 MP: 9/18
  3823 | D:2      | Learned a level 2 spell: Blink
  4251 | D:3      | Reached skill level 7 in Spellcasting
  5560 | D:4      | Found a staircase to the Ecumenical Temple.
  5571 | Temple   | Entered the Ecumenical Temple
  5577 | Temple   | Became a worshipper of Vehumet
  5631 | D:4      | Reached skill level 8 in Spellcasting
  6666 | D:4      | Reached XP level 8. HP: 41/41 MP: 16/22
  6750 | D:4      | Found a blossoming altar of Fedhas.
  6841 | D:5      | Entered Level 5 of the Dungeon
  7138 | D:5      | Learned a level 2 spell: Slow
  7142 | D:5      | Learned a level 3 spell: Conjure Flame
  7147 | D:5      | Learned a level 4 spell: Iskenderun's Mystic Blast
  7675 | D:5      | Found a hazy altar of Hepliaklqana.
  7789 | D:5      | Shot with an arrow by a centaur

Illustrated notes

Levels and vault maps discovered:
D:1:      lemuel_arrival_muddy, layout_basic, serial_bayou_pond_a
D:2:      layout_basic, grunt_gozag_statues, chequers_ecumenical_altar_island
D:3:      lemuel_castle_with_subvaults [lemuel_castle_interior_carwin_2],
          layout_basic
D:4:      layout_rooms, minmay_temple_entry_mist, fedhas_altar_4
D:5:      layout_layer_cave, nicolae_hepliaklqana_hippocampus
Temple:   eino_narrow_crystal_temple

Skill      XL: |  1  2  3  4  5  6  7  8 |
---------------+-------------------------+-----
Spellcasting   | 4 5 6 8 |  8.6
Conjurations   | 5 6 7 |  7.1
Hexes          | 4 6 |  6.0
Dodging        | 3 |  3.4
Stealth        | |  2.4

Action                   |  1- 3 |  4- 6 |  7- 9 || total
-------------------------+-------+-------+-------++-------
Melee: Dagger            |       |       |    20 ||    20
       Unarmed           |       |       |     2 ||     2
 Cast: Magic Dart        |    73 |    44 |   106 ||   223
       Searing Ray       |       |    18 |    18 ||    36
       Blink             |       |       |    16 ||    16
       Fulminant Prism   |       |       |     9 ||     9
       Slow              |       |       |     5 ||     5
  Use: Scroll            |       |       |     6 ||     6
Armor: Robe              |       |     3 |    12 ||    15
Dodge: Dodged            |     1 |    24 |    40 ||    65

Table legend: (Time is in decaauts)
 A = Elapsed time spent in this place.
 B = Non-inter-level travel time spent in this place.
 C = Inter-level travel time spent in this place.
 D = Time resting spent in this place.
 E = Time spent auto-exploring this place.
 F = Levels seen in this place.
 G = Mean time per level.
                   A        B        C        D        E       F      G
               +--------+--------+--------+--------+--------+-----+--------+
         Total |   7818 |   7399 |    419 |   2061 |   4207 |   6 | 1303.0 |
       Dungeon |   7805 |   7397 |    408 |   2061 |   4207 |   5 | 1561.0 |
        Temple |     12 |      1 |     11 |      0 |      0 |   1 |   12.0 |
               +--------+--------+--------+--------+--------+-----+--------+

Top non-repeatable levels by time:
     D:3: 3235 daAuts
     D:1: 1434 daAuts
     D:2: 1264 daAuts
     D:4: 1245 daAuts
     D:5: 626 daAuts
  Temple: 12 daAuts
